 Dungeon Crawl Stone Soup version 0.25-a0-317-g5f8687bca5 (webtiles) character file.

Game seed: 12649316150747045854, levelgen mode: classic

255 Borgoz the Covered (level 6, -3/39 HPs)
             Began as a Gargoyle Fighter on Dec 25, 2019.
             Slain by an ogre
             ... wielding a +0 giant spiked club
              (5 damage)
             ... on level 4 of the Dungeon.
             The game lasted 00:02:50 (2956 turns).

Borgoz the Covered (Gargoyle Fighter)               Turns: 2956, Time: 00:02:50

Health: -3/39      AC: 12    Str: 20    XL:     6   Next: 15%
Magic:  6/6        EV:  8    Int: 11    God:
Gold:   144        SH:  9    Dex: 11    Spells: 5/5 levels left

rFire    . . .     SeeInvis .   a - +0 flail
rCold    . . .     Gourm    .   c - +0 shield
rNeg     + . .     Faith    +   b - +0 scale mail
rPois    ∞         Spirit   .   (no helmet)
rElec    +         Reflect  .   (no cloak)
rCorr    .         Harm     .   (no gloves)
MR       .....                  k - +0 pair of boots
Stlth    ..........             p - amulet of faith
HPRegen  0.13/turn              i - +3 ring of intelligence
MPRegen  0.10/turn              (no ring)

@: no status effects
A: negative energy resistance 1, electricity resistance, unbreathing,
petrification resistance, rot immunity, AC +4
a: no special abilities


You were on level 4 of the Dungeon.
You were very hungry.

You visited 1 branch of the dungeon, and saw 4 of its levels.

You collected 144 gold pieces.

Inventory:

Hand Weapons
 a - a +0 flail (weapon)
Armour
 b - a +0 scale mail (worn)
 c - a +0 shield (worn)
 k - a +0 pair of boots (worn)
Jewellery
 i - a +3 ring of intelligence (left hand)
 n - an uncursed ring of fire
 p - an amulet of faith (around neck)
Scrolls
 e - 3 scrolls of teleportation {unknown}
 h - 8 scrolls of identify {unknown}
 j - 2 scrolls of enchant armour {unknown}
 o - a scroll of fear {unknown}
 q - a scroll of enchant weapon {unknown}
Potions
 d - a potion of might
 g - a potion of heal wounds {unknown}
 l - a potion of degeneration {unknown}
 m - a potion of haste {unknown}
 r - a potion of flight {unknown}
Comestibles
 f - 10 rations


   Skills:
 + Level 4.3 Fighting
 + Level 3.2 Maces & Flails
 + Level 4.4 Armour
 + Level 1.9 Dodging
 + Level 4.3 Shields


You had 5 spell levels left.
You didn't know any spells.
Your spell library was empty.

Dungeon Overview and Level Annotations

Branches:
Dungeon (4/15)
 Temple: D:4-7

Altars:
Fedhas
Makhleb


Innate Abilities, Weirdness & Mutations

You are resistant to torment.
Your stone body is resilient. (AC +4)
You are immune to poison.
You resist negative energy. (rN+)
You are resistant to electric shocks. (rElec)
You can survive without breathing.
You are immune to petrification.
You are immune to rotting.


Message History

You are too injured to fight recklessly!
You are too injured to fight recklessly!
You are too injured to fight recklessly!
You are too injured to fight recklessly!
You are too injured to fight recklessly!
You are too injured to fight recklessly!
You are too injured to fight recklessly!
You are too injured to fight recklessly!
You are too injured to fight recklessly!
You are too injured to fight recklessly!
You are too injured to fight recklessly!
You are too injured to fight recklessly!
You sock the ogre!
The ogre is almost dead.
The ogre hits you with a +0 giant spiked club!
* * * LOW HITPOINT WARNING * * *
You hit the ogre but do no damage.
The ogre is almost dead.
The ogre hits you with a +0 giant spiked club.
You die...

#..# .... ##..#
###
#####...####.#
..........##.#
........#.##.#
........#.##.#
#O@).##.##
#........#
#.#####.## ###
#. #.# ......#.
#.# .#.
......#.#. #.#
.#. ..##.#.#.#.
#.#
...###.##.#.#.#.
#.#
.......##.#.#.#
#.#


You could see an ogre.

Vanquished Creatures
  A scorpion (D:3)
  2 worker ants
  A hound skeleton (D:4)
  5 adders
  An adder skeleton (D:4)
  A worm (D:2)
  5 dart slugs
  A leopard gecko (D:2)
  5 orcs (D:3)
  8 bats
  4 giant cockroaches
  10 hobgoblins
  3 quokkas (D:3)
  2 ball pythons
  2 frilled lizards
  7 goblins
  11 kobolds
  11 rats
80 creatures vanquished.

Notes
Turn   | Place    | Note
-------+----------+-------------------------------------------
     0 | D:1      | Borgoz the Gargoyle Fighter began the quest for the Orb.
     0 | D:1      | Reached XP level 1. HP: 14/14 MP: 1/1
   192 | D:1      | Reached XP level 2. HP: 17/19 MP: 2/2
   534 | D:1      | Reached XP level 3. HP: 22/23 MP: 3/3
   950 | D:2      | Found a blossoming altar of Fedhas.
  1040 | D:2      | Reached skill level 1 in Dodging
  1070 | D:2      | Reached XP level 4. HP: 23/29 MP: 4/4
  1727 | D:3      | Reached XP level 5. HP: 33/33 MP: 5/5
  2144 | D:3      | Found a faded altar of an unknown god.
  2716 | D:4      | Reached XP level 6. HP: 36/38 MP: 6/6
  2873 | D:4      | Found a burning altar of Makhleb.
  2955 | D:4      | HP: 1/39 [ogre/+0 giant spiked club (13)]
  2956 | D:4      | Slain by an ogre

Levels and vault maps discovered:
D:1:      nicolae_arrival_somewhat_less_tricky_arrival, layout_basic,
          minmay_pentomino_v2
D:2:      layout_basic, lemuel_doored_altar, first_ration,
          minmay_misc_feat_columns
D:3:      layout_loops_corners, chequers_ecumenical_altar_simple
D:4:      layout_basic, bloody_makhleb

Skill      XL: |  1  2  3  4  5 |
---------------+----------------+-----
Dodging        | 1 |  1.9
Fighting       | 4 |  4.3
Armour         | 4 |  4.4
Shields        | 4 |  4.3
Maces & Flails | 3 |  3.2

Action                   |  1- 3 |  4- 6 || total
-------------------------+-------+-------++-------
Melee: Flail             |   132 |   144 ||   276
  Eat: Chunk             |     1 |     5 ||     6
Armor: Scale mail        |    94 |    59 ||   153
Dodge: Dodged            |    61 |    43 ||   104
Block: Shield            |    89 |    71 ||   160

Table legend:
 A = Non-vault XP
 B = Vault XP
 C = Vault XP percentage of total XP
 D = Non-vault monster count
 E = Vault monster count
 F = Vault count percentage of total count
                 A         B        C        D         E       F
            +---------+---------+-------+---------+---------+-------
      Total |     364 |       1 |   0.3 |      79 |       1 |   1.2
            +---------+---------+-------+---------+---------+-------
        D:1 |      56 |       1 |   1.8 |      29 |       1 |   3.3
        D:2 |      62 |       0 |   0.0 |      22 |       0 |   0.0
        D:3 |     189 |       0 |   0.0 |      25 |       0 |   0.0
        D:4 |      57 |       0 |   0.0 |       3 |       0 |   0.0
            +---------+---------+-------+---------+---------+-------
